 Dungeon Crawl Stone Soup version 0.20-a0-1074-g6a0a8e1 (webtiles) character file.

32 JeffiDaFish the Magician (level 3, -1/24 HPs)
             Began as a Human Wizard on Apr 29, 2017.
             Slain by a hobgoblin
             ... wielding a +0 club
              (6 damage)
             ... on level 1 of the Dungeon.
             The game lasted 00:03:27 (1161 turns).

JeffiDaFish the Magician (Human Wizard)             Turns: 1161, Time: 00:03:27

Health: -1/24      AC:  3    Str:  7    XL:     3   Next: 42%
Magic:  8/8        EV: 12    Int: 18    God:
Gold:   45         SH:  0    Dex: 12    Spells: 3/9 levels left

rFire    . . .     SeeInvis .   h - +0 short sword
rCold    . . .     Gourm    .   (no shield)
rNeg     . . .     Faith    .   a - +0 robe
rPois    .         Spirit   .   b - +0 hat
rElec    .         Reflect  .   (no cloak)
rCorr    .         Harm     .   (no gloves)
MR       .....                  f - +0 pair of boots
Stlth    ++........             (no amulet)
Regen    0.1/turn               (no ring)
MPRegen  0.2/turn               (no ring)

@: no status effects
A: no striking features
a: no special abilities


You were on level 1 of the Dungeon.
You were hungry.

You visited 1 branch of the dungeon, and saw 1 of its levels.

You collected 45 gold pieces.

Inventory:

Hand Weapons
 e - a +0 dagger
 h - a +0 short sword (weapon)
Armour
 a - a +0 robe (worn)
 b - a +0 hat (worn)
 f - a +0 pair of boots (worn)
Books
 c - a book of Minor Magic

   Spells                             Type                      Level
   a - Magic Dart                     Conjuration                  1
   b - Blink                          Translocation                2
   c - Call Imp                       Summoning                    2
   d - Slow                           Hexes                        2
   e - Conjure Flame                  Conjuration/Fire             3
   f - Mephitic Cloud                 Conjuration/Poison/Air       3
Comestibles
 d - a bread ration


   Skills:
 + Level 0.2 Short Blades
 + Level 2.1 Dodging
 + Level 2.3 Stealth
 + Level 3.8 Spellcasting
 + Level 1.0 Conjurations
   Level 1.0 Summonings
 + Level 1.0 Translocations


You had 3 spell levels left.
You knew the following spells:

 Your Spells              Type           Power        Failure   Level  Hunger
a - Magic Dart            Conj           #...         10%         1    None
b - Blink                 Tloc           N/A          16%         2    ##.....
c - Mephitic Cloud        Conj/Pois/Air  #.......     36%         3    ###....


Dungeon Overview and Level Annotations

Branches:
Dungeon (1/15)

Altars:


Message History

The hobgoblin hits you with a club.
You are too injured to fight recklessly!
You are too injured to fight recklessly!
You are too injured to fight recklessly!
You are too injured to fight recklessly!
You are too injured to fight recklessly!
You are too injured to fight recklessly!
You are too injured to fight recklessly!
You are too injured to fight recklessly!
You closely miss the hobgoblin.
The hobgoblin is almost dead.
The hobgoblin hits you with a club.
You hit the hobgoblin but do no damage.
The hobgoblin is almost dead.
The hobgoblin hits you with a club.
* * * LOW HITPOINT WARNING * * *
You closely miss the hobgoblin.
The hobgoblin is almost dead.
The hobgoblin hits you with a club.
You die...

.........### #..# #....
.##........ ...# #..#
#.... .##......# #..# #..#
#.... .#.......# #..# #..#
####. .#.......#
#..######..# #. .#.......#
#.......#..# #.
.##......######..####.#..#
###.
)#..............g........#
#...
.÷........####..@####.#.##
#.#.
.....###.#####.....>....#
#.#.
#...............†####.###
#..# .....########.##.#
#.# #.#. ##..## #. #.# #.#
##.## #..# . #.#
#.#######...# #..# # #.#
#..>......#.. ..# #.#
#..######...# ##.## #..#
##.##


You could see a hobgoblin.

Vanquished Creatures
  3 leopard geckos (D:1)
  2 ball pythons (D:1)
  A giant cockroach (D:1)
  A goblin (D:1)
  2 hobgoblins (D:1)
  4 jackals (D:1)
  5 bats (D:1)
  4 frilled lizards (D:1)
  2 kobolds (D:1)
  6 rats (D:1)
30 creatures vanquished.

Notes
Turn   | Place    | Note
-------+----------+-------------------------------------------
     0 | D:1      | JeffiDaFish the Human Wizard began the quest for the Orb.
     0 | D:1      | Reached XP level 1. HP: 13/13 MP: 4/4
   151 | D:1      | Reached XP level 2. HP: 16/19 MP: 1/6
   527 | D:1      | Learned a level 2 spell: Blink
   741 | D:1      | Reached XP level 3. HP: 23/24 MP: 8/8
   828 | D:1      | Learned a level 3 spell: Mephitic Cloud
  1161 | D:1      | Slain by a hobgoblin

Vault maps used:
D:1:      shiori_arrival_maze, minmay_hexomino_p4

Action                   || total
-------------------------++-------
Melee: Dagger            ||    32
       Short sword       ||    51
 Cast: Magic Dart        ||    46
  Use: Scroll            ||     1
 Stab: Sleeping          ||     3
Armor: Robe              ||    31
Dodge: Dodged            ||    64
